 Dungeon Crawl Stone Soup version 0.20.1-1-g8b1a95d (webtiles) character file.

122 Jawreze the Sneak (level 4, -3/30 HPs)
             Began as a Vampire Enchanter on Aug 27, 2017.
             Slain by Crazy Yiuf
             ... wielding a +4 quarterstaff of chaos
              (11 damage)
             ... on level 2 of the Dungeon.
             The game lasted 00:05:04 (2349 turns).

Jawreze the Sneak (Vampire Enchanter)               Turns: 2349, Time: 00:05:05

Health: -3/30      AC:  2    Str:  7    XL:     4   Next: 78%
Magic:  4/8        EV: 12    Int: 18    God:
Gold:   55         SH:  0    Dex: 14    Spells: 2/8 levels left

rFire    . . .     SeeInvis +   i - +2 dagger (venom)
rCold    + . .     Gourm    .   (no shield)
rNeg     + + .     Faith    .   b - +0 robe
rPois    +         Spirit   .   (no helmet)
rElec    .         Reflect  .   (no cloak)
rCorr    .         Harm     .   (no gloves)
MR       .....                  (no boots)
Stlth    ++++......             (no amulet)
Regen    0.1/turn               (no ring)
MPRegen  0.2/turn               (no ring)

@: regenerating slowly
A: fangs 3, see invisible, unbreathing
a: Bat Form


You were on level 2 of the Dungeon.
You were near bloodless.

You visited 1 branch of the dungeon, and saw 2 of its levels.

You collected 55 gold pieces.

Inventory:

Hand Weapons
 a - a +1 dagger
 i - a +2 dagger of venom (weapon)
Missiles
 l - 6 javelins (quivered)
Armour
 b - a +0 robe (worn)
Scrolls
 e - 3 scrolls of identify {unknown}
 f - a scroll of teleportation {unknown}
 g - a scroll of amnesia {unknown}
 h - a scroll of fog {unknown}
 k - a scroll of recharging {unknown}
Potions
 d - a potion of agility {unknown}
 j - a potion of flight {unknown}
 q - 26 potions of blood
Books
 c - a book of Maledictions

   Spells                             Type                      Level
   a - Corona                         Hexes                        1
   b - Ensorcelled Hibernation        Hexes/Ice                    2
   c - Confuse                        Hexes                        3
   d - Tukima's Dance                 Hexes                        3
   e - Dazzling Spray                 Conjuration/Hexes            3


   Skills:
 + Level 2.5 Short Blades
 - Level 2.1 Dodging
 + Level 6.0 Stealth
 + Level 2.6 Spellcasting
 + Level 5.6 Hexes


You had 2 spell levels left.
You knew the following spells:

 Your Spells              Type           Power        Failure   Level  Hunger
a - Corona                Hex            ###....      1%          1    #......
b - Ensorcelled Hibernat  Hex/Ice        ##....       9%          2    ##.....
c - Confuse               Hex            ###.....     4%          3    ###....


Dungeon Overview and Level Annotations

Branches:
Dungeon (2/15)

Altars:
Trog

Annotations:
D:2 Crazy Yiuf


Innate Abilities, Weirdness & Mutations

You heal slowly.
You have razor-sharp teeth.
You have supernaturally acute eyesight. (SInv)
You can survive without breathing.


Message History

Found a mace.
Crazy Yiuf shouts!
There is an open door here.
Casting: Ensorcelled Hibernation
Confirm with . or Enter, or press ? or * to list all spells.
Aiming: Ensorcelled Hibernation
Press: ? - help, Shift-Dir - straight line, f - Crazy Yiuf
Aim: Crazy Yiuf, wielding a quarterstaff of chaos and wearing a cloak (chance to defeat MR: 51%) Crazy Yiuf resists with some effort.
Crazy Yiuf hits you with a quarterstaff of chaos!
You convulse!
* * * LOW HITPOINT WARNING * * *
Casting: Ensorcelled Hibernation
Confirm with . or Enter, or press ? or * to list all spells.
Aiming: Ensorcelled Hibernation
Press: ? - help, Shift-Dir - straight line, f/p - Crazy Yiuf
Aim: Crazy Yiuf, wielding a quarterstaff of chaos and wearing a cloak (chance to defeat MR: 51%) Crazy Yiuf resists with some effort.
Crazy Yiuf hits you with a quarterstaff of chaos!
You die...

#...................#
#########.#.###.###.#
...............)....#
#####################
########
.......##♣♣♣♣♣
#.....#))..♣.♣♣♣ ####
..†......)..♣..♣#...#
...........♣♣♣♣.@g..#
...)......♣♣ ♣♣#..)#
.(.....##♣♣ ####
.......# .......#
......## ........
.######## .#


You could see Crazy Yiuf.

Vanquished Creatures
  Robin (D:2)
  A gnoll (D:1)
  4 adders (D:2)
  An ooze (D:1)
  A worm (D:2)
  3 dart slugs (D:1)
  A leopard gecko (D:1)
  2 giant cockroaches (D:1)
  12 goblins
  5 hobgoblins
  A ball python (D:2)
  5 bats
  2 frilled lizards
  8 kobolds
  7 rats
54 creatures vanquished.

Notes
Turn   | Place    | Note
-------+----------+-------------------------------------------
     0 | D:1      | Jawreze the Vampire Enchanter began the quest for the Orb.
     0 | D:1      | Reached XP level 1. HP: 13/13 MP: 3/3
   540 | D:1      | Reached XP level 2. HP: 18/19 MP: 5/5
   585 | D:1      | Reached skill level 5 in Stealth
   699 | D:1      | Reached XP level 3. HP: 24/24 MP: 6/6
   936 | D:2      | Learned a level 2 spell: Ensorcelled Hibernation
   940 | D:2      | Learned a level 3 spell: Confuse
  1047 | D:2      | Reached skill level 5 in Hexes
  1149 | D:2      | Reached XP level 4. HP: 30/30 MP: 7/7
  1603 | D:2      | Noticed Robin
  1639 | D:2      | Killed Robin
  1948 | D:2      | Reached skill level 6 in Stealth
  1995 | D:2      | Noticed a moth of wrath
  2002 | D:2      | Found a bloodstained altar of Trog.
  2281 | D:2      | Found a runed door.
  2345 | D:2      | Noticed Crazy Yiuf
  2349 | D:2      | Slain by Crazy Yiuf

Skill      XL: |  1  2  3  4 |
---------------+-------------+-----
Stealth        | 5 6 |  6.0
Short Blades   | 2 |  2.5
Hexes          | 5 |  5.6
Dodging        | |  2.1
Spellcasting   | |  2.6

Action                   |  1- 3 |  4- 6 || total
-------------------------+-------+-------++-------
Melee: Dagger            |    56 |    59 ||   115
       Bite              |     3 |     5 ||     8
 Cast: Ensorcelled Hiber |     1 |     5 ||     6
       Corona            |       |     1 ||     1
  Use: Potion            |       |     1 ||     1
 Stab: Sleeping          |    10 |     4 ||    14
Armor: Robe              |     9 |     8 ||    17
Dodge: Dodged            |    27 |    37 ||    64
